 Dungeon Crawl Stone Soup version 0.29-a0-380-gf50f0a9fbc (webtiles) character file.

Game seed: 16304079051789213125

78 Antichthon the Bolt Thrower (level 4, -2/35 HPs)
             Began as a Formicid Abyssal Knight on May 5, 2022.
             Was a Believer of Lugonu.
             Slain by an adder (3 damage)
             ... on level 2 of the Dungeon.
             The game lasted 00:02:22 (1405 turns).

Antichthon the Bolt Thrower (FoAK)                  Turns: 1405, Time: 00:02:23

Health: -2/35      AC:  7    Str: 18    XL:     4   Next: 61%
Magic:  5/5        EV: 10    Int: 15    God:    Lugonu [**....]
Gold:   16         SH:  0    Dex: 13    Spells: 3/3 levels left

rFire   . . .      SeeInvis +   a - +2 falchion
rCold   . . .      Faith    .   (no shield)
rNeg    . . .      Spirit   .   e - +1 ring mail
rPois   .          Reflect  .   (helmet unavailable)
rElec   .          Harm     .   (no cloak)
rCorr   .          Rampage  .   b - +0 pair of gloves
Will    +....                   (no boots)
Stlth   +.........              (no amulet)
HPRegen 0.11/turn               c - +6 ring of intelligence
MPRegen 0.09/turn               l - ring of willpower

@: no status effects
A: permanent stasis, dig shafts and tunnels, antennae 3, four strong arms
a: Dig, Shaft Self, Renounce Religion, Depart the Abyss, Bend Space


You were on level 2 of the Dungeon.
You worshipped Lugonu.
Lugonu was pleased with you.
You visited 1 branch of the dungeon, and saw 2 of its levels.
You visited the Abyss 1 time.

You collected 16 gold pieces.

Inventory:

Hand Weapons
 a - a +2 falchion (weapon)
Missiles
 f - 2 throwing nets
Armour
 b - a +0 pair of gloves (worn)
 e - a +1 ring mail (worn)
Jewellery
 c - a +6 ring of intelligence (left hand)
 l - a ring of willpower (right hand)
Potions
 d - a potion of heal wounds {unknown}
 h - 2 potions of cancellation
 i - 2 potions of lignification {unknown}
 m - a potion of haste {unknown}


   Skills:
 * Level 3.3 Fighting
 * Level 2.0 Long Blades
 * Level 3.7 Crossbows
 * Level 2.2 Armour
 * Level 0.8 Dodging
 * Level 2.2 Invocations


You had 3 spell levels left.
You didn't know any spells.
Your spell library was empty.

Dungeon Overview and Level Annotations

Branches:
Dungeon (2/15)

Altars:


Innate Abilities, Weirdness & Mutations

You cannot be hasted, slowed, berserked, paralysed or teleported.
You can dig through walls and to a lower floor.
You have a pair of large antennae on your head. (SInv)
Your four strong arms can wield two-handed weapons with a shield.


Message History

The gnoll shouts!
You hear a shout!
A gnoll and an adder come into view.
You feel sick.
The gnoll shouts!
The adder hisses angrily.
You feel sick.
You feel sick.
You are no longer poisoned.
You barely miss the adder. The adder bites you but does no damage.
The adder bites you.
A gnoll comes into view. It is wielding a +0 halberd.
The gnoll shouts!
You hit the adder.
The adder is lightly wounded.
The adder bites you but does no damage.
You barely miss the adder.
The adder is lightly wounded.
The adder bites you.
* * * LOW HITPOINT WARNING * * *
The adder bites you but does no damage.
You barely miss the adder.
The adder is lightly wounded.
The adder bites you but does no damage. x2
You slash the adder!
The adder is almost dead.
The adder bites you but does no damage.
You barely miss the adder.
The adder is almost dead.
The adder barely misses you. The gnoll barely misses you. The adder bites you.
* * * LOW HITPOINT WARNING * * *
The gnoll hits you from afar with a +0 halberd.
* * * LOW HITPOINT WARNING * * *
The gnoll hits you but does no damage.
The gnoll hits you from afar with a +0 halberd.
* * * LOW HITPOINT WARNING * * *
Unknown command.
You aren't carrying any scrolls.
Unknown command.
Okay, then.
The adder bites you.
You die...

*,,,,,,,,,,,,,,,,*,*,
#......#*,,,,,,,*,,,,
#......#*******,*,,,, ## #......#
*,*,,,, .# #......# *,**,*,
.############......#*******,**,*,
........<...........,,,,,,,,,,,,,
....#####***#....#*********,**,*,
....#########...@#######***,,,,*,
.>..'.......'....S......,,,,,,,,,
....#########.g.g#######********,
....# #....g..# *, ....#
#.......# *,
....#****#.......#******* ####+
#####*{,...!......?,,,,,* #....
*,.............,,,{* #....
*,....$........,,,,* #....


You could see 3 gnolls and an adder.

Vanquished Creatures
  Natasha (D:2)
  2 adders (D:2)
  A dart slug (D:1)
  2 endoplasms (D:1)
  A giant cockroach (D:1)
  5 goblins (D:1)
  4 hobgoblins
  A kobold (D:2)
  5 quokkas
  2 ball pythons (D:1)
  2 bats (D:1)
  5 rats
31 creatures vanquished.

Notes
Turn   | Place    | Note
-------+----------+-------------------------------------------
     0 | Abyss:1  | Antichthon the Formicid Abyssal Knight began the quest for
                  | the Orb.
     0 | Abyss:1  | Reached XP level 1. HP: 18/18 MP: 2/2
     0 | Abyss:1  | Found a corrupted altar of Lugonu.
    37 | D:1      | Escaped the Abyss
    73 | D:1      | Reached ** piety under Lugonu
   243 | D:1      | Reached skill level 1 in Crossbows
   270 | D:1      | Reached XP level 2. HP: 15/24 MP: 3/3
   681 | D:1      | Reached XP level 3. HP: 28/29 MP: 4/4
  1108 | D:2      | Noticed Natasha
  1127 | D:2      | Killed Natasha
  1128 | D:2      | Reached XP level 4. HP: 21/35 MP: 5/5
  1261 | D:2      | Found a faded altar of an unknown god.
  1404 | D:2      | HP: 1/35 [gnoll/+0 halberd (5)]
  1405 | D:2      | Slain by an adder

Illustrated notes

Levels and vault maps discovered:
D:1:      lightli_arrival_boilingwater, layout_rooms,
          ebering_dispersal_statue_hall, fountainhead
D:2:      layout_basic, hellmonk_ecumenical_altar_pennies_from_heaven,
          uniq_natasha

Skill      XL: |  1  2  3 |
---------------+----------+-----
Crossbows      | 1 2 3 |  3.7
Fighting       | |  3.3
Long Blades    | |  2.0
Armour         | |  2.2
Dodging        | |  0.8
Invocations    | |  2.2

Action                   |  1- 3 |  4- 6 || total
-------------------------+-------+-------++-------
Melee: Falchion          |    89 |    17 ||   106
       Punch             |     1 |       ||     1
Invok: Depart the Abyss  |     1 |       ||     1
  Use: Scroll            |       |     7 ||     7
Armor: Leather armour    |    13 |       ||    13
       Ring mail         |    26 |    13 ||    39
Dodge: Dodged            |    57 |     8 ||    65

Table legend: (Time is in decaauts)
 A = Elapsed time spent in this place.
 B = Non-inter-level travel time spent in this place.
 C = Inter-level travel time spent in this place.
 D = Time resting spent in this place.
 E = Time spent auto-exploring this place.
 F = Levels seen in this place.
 G = Mean time per level.
                   A        B        C        D        E       F      G
               +--------+--------+--------+--------+--------+-----+--------+
         Total |   1428 |   1412 |     16 |    125 |    909 |   3 |  476.0 |
       Dungeon |   1391 |   1375 |     16 |    125 |    874 |   2 |  695.5 |
         Abyss |     37 |     37 |      0 |      0 |     35 |   1 |   37.0 |
               +--------+--------+--------+--------+--------+-----+--------+

Top non-repeatable levels by time:
     D:1: 847 daAuts
     D:2: 544 daAuts
 Abyss:1: 37 daAuts
